 Dungeon Crawl Stone Soup version 0.29-a0-284-gf9362112df (webtiles) character file.

Game seed: 949012690958641669

25 Cecur the Shield-Bearer (level 3, -1/30 HPs)
             Began as a Formicid Fighter on Mar 15, 2022.
             Was a Follower of Sif Muna.
             Slain by a ball python (3 damage)
             ... on level 2 of the Dungeon.
             The game lasted 00:01:03 (1134 turns).

Cecur the Shield-Bearer (Formicid Fighter)          Turns: 1134, Time: 00:01:03

Health: -1/30      AC:  7    Str: 22    XL:     3   Next: 20%
Magic:  3/3        EV:  6    Int:  7    God:    Sif Muna [*.....]
Gold:   76         SH:  4    Dex: 10    Spells: 2/2 levels left

rFire   . . .      SeeInvis +   a - +0 trident
rCold   . . .      Faith    .   c - +0 buckler
rNeg    . . .      Spirit   .   b - +0 scale mail
rPois   .          Reflect  .   (helmet unavailable)
rElec   .          Harm     .   (no cloak)
rCorr   .          Rampage  .   (no gloves)
Will    .....                   (no boots)
Stlth   ..........              (no amulet)
HPRegen 0.10/turn               (no ring)
MPRegen 0.08/turn               (no ring)

@: constricted
A: permanent stasis, dig shafts and tunnels, antennae 3, four strong arms
a: Dig, Shaft Self, Renounce Religion, Channel Magic


You were on level 2 of the Dungeon.
You worshipped Sif Muna.
Sif Muna was aware of your devotion.
You visited 1 branch of the dungeon, and saw 2 of its levels.

You collected 76 gold pieces.

Inventory:

Hand Weapons
 a - a +0 trident (weapon)
Armour
 b - a +0 scale mail (worn)
 c - a +0 buckler (worn)
Jewellery
 i - an amulet of magic regeneration
Scrolls
 g - 3 scrolls of enchant armour {unknown}
 j - a scroll of immolation {unknown}
Potions
 d - 2 potions of might
 e - a potion of mutation {unknown}
 f - a potion of curing {unknown}
 h - a potion of invisibility {unknown}


   Skills:
 + Level 3.8 Fighting
 + Level 2.2 Polearms
 + Level 3.7 Armour
 + Level 3.9 Shields


You had 2 spell levels left.
You didn't know any spells.
Your spell library was empty.

Dungeon Overview and Level Annotations

Branches:
Dungeon (2/15)

Altars:
Sif Muna


Innate Abilities, Weirdness & Mutations

You cannot be hasted, slowed, berserked, paralysed or teleported.
You can dig through walls and to a lower floor.
You have a pair of large antennae on your head. (SInv)
Your four strong arms can wield two-handed weapons with a shield.


Message History

The ball python bites you but does no damage.
The ball python constricts you. The ball python barely misses you.
The ball python constricts you. You block the ball python's attack.
The ball python constricts you.
The ball python bites you but does no damage.
The ball python constricts you. The ball python bites you.
* * * LOW HITPOINT WARNING * * *
The ball python constricts you. You block the ball python's attack.
The ball python constricts you.
The ball python bites you but does no damage.
The ball python constricts you.
* * * LOW HITPOINT WARNING * * *
The ball python bites you.
* * * LOW HITPOINT WARNING * * *
The ball python constricts you. The ball python barely misses you.
The ball python constricts you.
The ball python bites you but does no damage.
The ball python constricts you. The ball python barely misses you.
The ball python constricts you.
The ball python bites you but does no damage.
The ball python constricts you.
* * * LOW HITPOINT WARNING * * *
The ball python bites you but does no damage.
The ball python constricts you. The ball python bites you.
* * * LOW HITPOINT WARNING * * *
The ball python constricts you.
* * * LOW HITPOINT WARNING * * *
The ball python bites you but does no damage.
The ball python constricts you. You block the ball python's attack.
The ball python constricts you.
The ball python bites you but does no damage.
The ball python constricts you.
The ball python bites you but does no damage.
The ball python constricts you.
The ball python bites you but does no damage.
The ball python constricts you. The ball python bites you.
You die...

#.# #.#...#.##.# #.#
#.##.##.##.#
#.###..†....##.#
..##..###..###.#
#.##.####.####.#
#..............########
.......................
.....##########.#######
#...............@.#
#.##.##########.#S#
#..... .........#.#
#################?# ..
##


You could see a ball python.

Vanquished Creatures
  A worm (D:2)
  2 dart slugs (D:2)
  An endoplasm (D:1)
  A goblin (D:1)
  3 hobgoblins
  A kobold (D:1)
  5 ball pythons (D:1)
  3 bats
  A rat (D:1)
18 creatures vanquished.

Notes
Turn   | Place    | Note
-------+----------+-------------------------------------------
     0 | D:1      | Cecur the Formicid Fighter began the quest for the Orb.
     0 | D:1      | Reached XP level 1. HP: 18/18 MP: 1/1
   290 | D:1      | Reached XP level 2. HP: 24/24 MP: 2/2
   772 | D:2      | Reached XP level 3. HP: 24/30 MP: 3/3
   971 | D:2      | Found a faded altar of an unknown god.
  1053 | D:2      | Prayed at the altar of an unknown god.
  1053 | D:2      | Became a worshipper of Sif Muna the Loreminder
  1053 | D:2      | Reached * piety under Sif Muna
  1134 | D:2      | Slain by a ball python

Illustrated notes

Levels and vault maps discovered:
D:1:      arrival_zaba_pyramid, layout_loops_ring
D:2:      layout_loops_ring, basic_altar, ebering_ecumenical_altar_box

Action                   || total
-------------------------++-------
Melee: Trident           ||    58
Armor: Scale mail        ||    58
Dodge: Dodged            ||    26
Block: Buckler           ||    18

Table legend: (Time is in decaauts)
 A = Elapsed time spent in this place.
 B = Non-inter-level travel time spent in this place.
 C = Inter-level travel time spent in this place.
 D = Time resting spent in this place.
 E = Time spent auto-exploring this place.
 F = Levels seen in this place.
 G = Mean time per level.
                   A        B        C        D        E       F      G
               +--------+--------+--------+--------+--------+-----+--------+
         Total |   1147 |   1089 |     58 |      0 |    852 |   2 |  573.5 |
       Dungeon |   1147 |   1089 |     58 |      0 |    852 |   2 |  573.5 |
               +--------+--------+--------+--------+--------+-----+--------+

Top non-repeatable levels by time:
     D:1: 736 daAuts
     D:2: 410 daAuts
